[Event "Titled Tuesday Blitz October 31 Early 2023"]
[White "Pumpkin_in_moonlight"]
[Black "DonCiao"]
[WhiteElo "2346"]
[BlackElo "2154"]
[Result "1-0"]
[Round "10"]
[TimeControl "180+1"]
[Date "2023.10.31"]
[WhiteClock "0:00:21"]
[BlackClock "0:00:00"]
[Board "108"]

1. e4 c5 2. Nf3 Nc6 3. Nc3 g6 4. g3 Bg7 5. Bg2 e6 6. O-O Nge7 7. d3 O-O 8. Be3 Nd4 9. Rb1 d5 10. exd5 exd5 11. Bxd4 cxd4 12. Ne2 Nc6 13. b4 b5 14. a3 Re8 15. Nf4 Bg4 16. h3 Be6 17. Re1 Qd6 18. Ng5 Bh6 19. Ngxe6 fxe6 20. Qg4 Bxf4 21. gxf4 Rac8 22. Re2 Nd8 23. Rbe1 Rc3 24. h4 Kg7 25. h5 Rxa3 26. Re5 1-0


[Site "https://www.chess.com"]

[Event "Titled Tuesday Blitz October 31 Early 2023"]
[White "Burke, Carol Ann"]
[Black "Silvestre, Christian"]
[WhiteFideId "11104643"]
[BlackFideId "30956269"]
[WhiteElo "2713"]
[BlackElo "2123"]
[Result "1-0"]
[Round "10"]
[TimeControl "180+1"]
[Date "2023.10.31"]
[WhiteClock "0:02:10"]
[BlackClock "0:00:17"]
[Board "109"]

1. d4 e5 2. dxe5 Nc6 3. Nf3 Qe7 4. Nc3 Nxe5 5. Nd5 Nxf3+ 6. gxf3 Qd8 7. Bf4 d6 8. e4 Ne7 9. Bc4 Be6 10. Qd3 Bxd5 11. exd5 Ng6 12. Bb5+ c6 13. dxc6 Nxf4 14. c7+ 1-0


[Site "https://www.chess.com"]

[Event "Titled Tuesday Blitz October 31 Early 2023"]
[White "Szente Varga, Fruzsina"]
[Black "Nanu, Costica-Ciprian"]
[WhiteFideId "712264"]
[BlackFideId "1204580"]
[WhiteElo "2306"]
[BlackElo "2583"]
[Result "0-1"]
[Round "10"]
[TimeControl "180+1"]
[Date "2023.10.31"]
[WhiteClock "0:00:03"]
[BlackClock "0:00:08"]
[Board "110"]

1. e4 a6 2. d4 b5 3. Be3 Bb7 4. f3 e6 5. Nc3 Nf6 6. Qd2 d6 7. O-O-O Be7 8. g4 Nbd7 9. h4 Nb6 10. h5 b4 11. Nb1 h6 12. Nh3 a5 13. g5 Nxh5 14. gxh6 gxh6 15. Rg1 Qd7 16. d5 exd5 17. Bxb6 cxb6 18. exd5 O-O-O 19. Qd4 Kc7 20. Nd2 Bf6 21. Qd3 Rhg8 22. Ne4 Rxg1 23. Nxg1 Be5 24. Ne2 f5 25. Nf2 Qg7 26. c3 bxc3 27. Nxc3 Kb8 28. Kb1 Nf4 29. Qd2 Rc8 30. Rc1 Bxc3 31. Qxf4 Be5 32. Rxc8+ Bxc8 33. Qd2 Qg1 34. Qe2 Qh2 35. Qe3 Ka7 36. Nd3 Ba6 37. Nxe5 Qxe5 38. Qxe5 dxe5 39. Bg2 Bb7 40. d6 Bc6 41. Bh3 Kb8 42. Bxf5 h5 43. Kc1 Bxf3 44. Kd2 h4 45. Ke3 e4 46. Bh3 Kb7 47. Bd7 a4 48. Bxa4 h3 49. Kf2 h2 50. d7 Kc7 51. Bb5 h1=Q 52. Ke3 Qe1+ 53. Kf4 Qd2+ 54. Ke5 Qxb2+ 55. Kf5 Kd8 56. a4 Qb4 57. Kf4 e3+ 58. Kxe3 Bc6 59. Bxc6 Qc5+ 60. Kd3 Qxc6 0-1


[Site "https://www.chess.com"]

[Event "Titled Tuesday Blitz October 31 Early 2023"]
[White "vishwa_vijeta"]
[Black "Petrova, Irina"]
[BlackFideId "14124122"]
[WhiteElo "2478"]
[BlackElo "2310"]
[Result "1/2-1/2"]
[Round "10"]
[TimeControl "180+1"]
[Date "2023.10.31"]
[WhiteClock "0:00:19"]
[BlackClock "0:00:57"]
[Board "111"]

1. e4 d6 2. d4 Nf6 3. Nc3 e5 4. dxe5 dxe5 5. Qxd8+ Kxd8 6. Nf3 Bd6 7. Bg5 Be6 8. O-O-O Nd7 9. Nb5 Ke7 10. Nxd6 cxd6 11. Nd2 Rhc8 12. Kb1 a6 13. Bd3 b5 14. Rhf1 h6 15. Be3 g5 16. f3 Nc5 17. Bxc5 Rxc5 18. Nb3 Rc7 19. Na5 Rac8 20. Rc1 Nd7 21. Be2 Nb6 22. c3 Nc4 23. Nxc4 Bxc4 24. Bxc4 Rxc4 25. Rf2 Ke6 26. Rcf1 b4 27. cxb4 Rxb4 28. g3 a5 29. f4 gxf4 30. gxf4 Rxe4 31. fxe5 dxe5 32. Rxf7 Re2 33. R7f6+ Kd5 34. Rxh6 Rcc2 35. Rd1+ Kc5 36. Rc1 Rxc1+ 37. Kxc1 e4 38. h4 e3 39. Rh8 Rh2 40. Kd1 Rxb2 41. Re8 Rxa2 42. Rxe3 Rh2 43. Re5+ Kb4 44. h5 a4 45. Kc1 a3 46. Kb1 Kb3 47. Re3+ Kb4 48. Re4+ Kb3 49. Re3+ Kb4 50. Re4+ Kb3 51. Re3+ 1/2-1/2


[Site "https://www.chess.com"]

[Event "Titled Tuesday Blitz October 31 Early 2023"]
[White "Arutla, Aditya"]
[Black "Viskelis, Darius"]
[WhiteFideId "30961998"]
[BlackFideId "12800830"]
[WhiteElo "2471"]
[BlackElo "2303"]
[Result "0-1"]
[Round "10"]
[TimeControl "180+1"]
[Date "2023.10.31"]
[WhiteClock "0:00:01"]
[BlackClock "0:00:12"]
[Board "112"]

1. d4 d5 2. c4 e6 3. Nc3 c5 4. cxd5 cxd4 5. Qa4+ Bd7 6. Qxd4 exd5 7. Qxd5 Nf6 8. Qd1 Nc6 9. Nf3 Bb4 10. Bd2 O-O 11. e3 Bxc3 12. Bxc3 Ne4 13. Bd3 Nxc3 14. bxc3 Bg4 15. Be4 Qf6 16. O-O Rfd8 17. Qe2 Ne5 18. Rfd1 Nxf3+ 19. Bxf3 Bxf3 20. Qxf3 Qxc3 21. Qxb7 Rac8 22. h3 a5 23. Qe7 Rxd1+ 24. Rxd1 h6 25. Qd7 Qc2 26. Rd2 Qc1+ 27. Kh2 g6 28. Qd3 h5 29. g3 h4 30. Qe2 hxg3+ 31. fxg3 Qc3 32. Qf2 Rb8 33. Kg2 a4 34. Re2 a3 35. h4 Rb2 36. Kf3 Qc6+ 37. Kg4 Qe6+ 38. Kf3 Qxa2 39. Rxb2 Qxb2 40. Kg4 Qxf2 0-1


[Site "https://www.chess.com"]

[Event "Titled Tuesday Blitz October 31 Early 2023"]
[White "Clawitter, Craig"]
[Black "Aash20"]
[WhiteFideId "2023105"]
[WhiteElo "2259"]
[BlackElo "2460"]
[Result "0-1"]
[Round "10"]
[TimeControl "180+1"]
[Date "2023.10.31"]
[WhiteClock "0:00:00"]
[BlackClock "0:01:48"]
[Board "113"]

1. e4 c5 2. Nf3 d6 3. d4 cxd4 4. Nxd4 Nf6 5. Nc3 g6 6. Be3 Bg7 7. f3 O-O 8. Qd2 Nc6 9. Bc4 Bd7 10. O-O-O Ne5 11. Bb3 Qa5 12. Kb1 Rfc8 13. h4 b5 14. Ncxb5 Qxd2 15. Bxd2 Rab8 16. a4 a6 17. Na3 Ne8 18. h5 Nc6 19. Bc3 Nxd4 20. Bxd4 Rb4 21. Bxg7 Kxg7 22. hxg6 hxg6 23. a5 Rcb8 24. Nc4 Be6 25. Nb6 Bxb3 26. cxb3 Rxb3 27. Rd4 Rb5 28. b4 Nc7 29. Rc1 Ne6 30. Rdc4 Nf4 31. R1c2 Nd3 32. Nd5 Nxb4 33. Rxb4 Rxb4+ 34. Nxb4 Rxb4+ 35. Kc1 Ra4 36. Rc7 Kf6 37. g4 Rxa5 38. g5+ Rxg5 39. Ra7 Rc5+ 40. Kd2 a5 41. Ke3 g5 42. Kd4 Ke6 43. Ra8 Rb5 44. Ke3 f6 45. f4 Rb3+ 46. Kd4 gxf4 47. Rxa5 Kf7 48. Rf5 Rb1 0-1


[Site "https://www.chess.com"]

[Event "Titled Tuesday Blitz October 31 Early 2023"]
[White "Nekoo04"]
[Black "Herman, Daniel"]
[BlackFideId "30935008"]
[WhiteElo "2282"]
[BlackElo "2426"]
[Result "0-1"]
[Round "10"]
[TimeControl "180+1"]
[Date "2023.10.31"]
[WhiteClock "0:01:16"]
[BlackClock "0:01:57"]
[Board "114"]

1. d4 Nf6 2. c4 g6 3. Nc3 d5 4. e4 dxe4 5. Bg5 Nbd7 6. Qc2 c5 7. dxc5 Nxc5 8. Bxf6 exf6 9. Nxe4 Qe7 10. O-O-O Qxe4 11. Qxe4+ Nxe4 12. Re1 Bh6+ 13. Kc2 O-O 14. Rxe4 Bf5 15. Bd3 Bxe4 16. Bxe4 Rac8 17. b3 b5 18. Nf3 bxc4 0-1


[Site "https://www.chess.com"]

[Event "Titled Tuesday Blitz October 31 Early 2023"]
[White "Kiseljova, Marya"]
[Black "Novikova, Galina"]
[WhiteFideId "4155009"]
[BlackFideId "4157095"]
[WhiteElo "2232"]
[BlackElo "2399"]
[Result "0-1"]
[Round "10"]
[TimeControl "180+1"]
[Date "2023.10.31"]
[WhiteClock "0:00:00"]
[BlackClock "0:00:39"]
[Board "115"]

1. d4 e5 2. dxe5 d6 3. exd6 Bxd6 4. Nf3 Nc6 5. e3 Bg4 6. Be2 Qe7 7. c3 O-O-O 8. Qc2 Nf6 9. Nbd2 h5 10. Nc4 Bc5 11. b4 Bb6 12. Nxb6+ cxb6 13. Bb2 Kb8 14. a4 Rhe8 15. h3 Bc8 16. Nd4 Ne5 17. O-O-O Bd7 18. Bb5 Rc8 19. Kb1 Nc4 20. Bxd7 Nxd7 21. Nb5 a6 22. Nd4 Nde5 23. Bc1 g6 24. f4 Nd7 25. Qd3 Nf6 26. Rhe1 Ne4 27. Bb2 Nxb2 28. Kxb2 Rxc3 29. Qxc3 Nxc3 30. Kxc3 Rc8+ 31. Kb3 a5 32. Nc2 Qe6+ 33. Kb2 Qc4 34. Rc1 axb4 35. Nd4 Qd3 36. Rxc8+ Kxc8 37. Rc1+ Kb8 38. Nc2 Qc3+ 39. Kb1 b3 40. Na3 Qxe3 41. Kb2 Qxf4 42. Rc3 Qf2+ 43. Kxb3 Qxg2 44. Nb5 Qd5+ 45. Kb4 Qe4+ 46. Rc4 Qb1+ 47. Kc3 Qe1+ 48. Kd4 Qh4+ 49. Kd5 Qxh3 50. Re4 Qf3 51. Kd4 Qf6+ 52. Kd5 Qc6+ 53. Kd4 h4 0-1


[Site "https://www.chess.com"]

[Event "Titled Tuesday Blitz October 31 Early 2023"]
[White "parintele_chess"]
[Black "Spichkin, Alexander"]
[BlackFideId "4144074"]
[WhiteElo "2257"]
[BlackElo "2384"]
[Result "0-1"]
[Round "10"]
[TimeControl "180+1"]
[Date "2023.10.31"]
[WhiteClock "0:00:00"]
[BlackClock "0:01:18"]
[Board "116"]

1. d4 e6 2. Bf4 d6 3. Nf3 Nd7 4. e3 g6 5. Bd3 Bg7 6. h4 Ne7 7. h5 e5 8. dxe5 dxe5 9. Bg5 h6 10. Bxe7 Qxe7 11. hxg6 e4 12. gxf7+ Kf8 13. Nh4 Qb4+ 14. c3 Qxb2 15. Ng6+ Kxf7 16. Nxh8+ Kg8 17. Qb3+ Qxb3 18. axb3 exd3 19. Ng6 Nc5 20. Ne7+ Kf7 21. Nxc8 Rxc8 22. b4 Ne4 23. Rxa7 d2+ 24. Nxd2 Bxc3 25. Rxh6 Bxd2+ 26. Ke2 Bxb4 27. Rxb7 Bd6 28. f3 Nf6 29. g4 Ke7 30. g5 Nd5 31. f4 Ra8 32. Kf3 Ra3 33. Rh7+ Ke6 34. g6 Rxe3+ 35. Kg4 Re1 36. g7 Rg1+ 37. Kf3 Nf6 38. f5+ Kxf5 0-1


[Site "https://www.chess.com"]

[Event "Titled Tuesday Blitz October 31 Early 2023"]
[White "Rodriguez Dominguez, Melissa"]
[Black "Dmitrenko, Viktor"]
[WhiteFideId "3517560"]
[BlackFideId "14110270"]
[WhiteElo "2216"]
[BlackElo "2359"]
[Result "0-1"]
[Round "10"]
[TimeControl "180+1"]
[Date "2023.10.31"]
[WhiteClock "0:00:53"]
[BlackClock "0:00:11"]
[Board "117"]

1. e4 c5 2. Nf3 Nc6 3. d4 cxd4 4. Nxd4 Nf6 5. Nc3 e5 6. Ndb5 d6 7. Bg5 a6 8. Na3 b5 9. Nd5 Be7 10. Bxf6 Bxf6 11. c4 b4 12. Nc2 a5 13. b3 O-O 14. g3 Be6 15. Bg2 Bxd5 16. Qxd5 Qb6 17. O-O Nd4 18. Nxd4 exd4 19. Rad1 Rac8 20. Qh5 a4 21. f4 g6 22. Qg4 axb3 23. axb3 Bg7 24. f5 Be5 25. f6 Rfe8 26. Rd3 Re6 27. Rdf3 d3+ 28. Kh1 d2 29. R3f2 Bc3 30. e5 Bxe5 31. Rxd2 Rce8 32. Bd5 Rxf6 33. Rxf6 Bxf6 34. Kg2 Qe3 35. Rf2 Kg7 36. Bf3 Bd4 37. Re2 Qg1+ 38. Kh3 Qf1+ 39. Rg2 Bf6 40. Be2 Qe1 41. Bf3 Re5 42. Qd7 Qf1 43. Qxd6 Qxf3 44. Rg1 Rh5# 0-1


[Site "https://www.chess.com"]

[Event "Titled Tuesday Blitz October 31 Early 2023"]
[White "Barbot, Pierre"]
[Black "Mirzanurov, Bulat"]
[WhiteFideId "663727"]
[BlackFideId "4184521"]
[WhiteElo "2325"]
[BlackElo "2214"]
[Result "0-1"]
[Round "10"]
[TimeControl "180+1"]
[Date "2023.10.31"]
[WhiteClock "0:00:00"]
[BlackClock "0:00:04"]
[Board "118"]

1. e4 c5 2. Nc3 a6 3. g3 b5 4. Bg2 Bb7 5. d3 e6 6. f4 b4 7. Nce2 d5 8. exd5 exd5 9. Nf3 Nf6 10. O-O Be7 11. d4 c4 12. c3 a5 13. Kh1 O-O 14. Be3 Re8 15. Ne5 Qc7 16. f5 Nbd7 17. Bf4 Bd6 18. Nxd7 Qxd7 19. Bxd6 Qxd6 20. Nf4 Ne4 21. Qg4 Qh6 22. h4 Nf6 23. Qf3 Ne4 24. Qg4 Ra6 25. Kh2 bxc3 26. bxc3 Kh8 27. Rae1 Raa8 28. Rb1 Rab8 29. Rfc1 Nf6 30. Qf3 Bc6 31. Qd1 Ne4 32. Qg4 Qd6 33. Nh5 g6 34. Nf4 Rg8 35. fxg6 fxg6 36. h5 gxh5 37. Qxh5 Nxg3 38. Ng6+ Rxg6 39. Qe5+ Qxe5 40. dxe5 Rxb1 41. Rxb1 Ne4 42. Rb8+ Kg7 0-1


[Site "https://www.chess.com"]

[Event "Titled Tuesday Blitz October 31 Early 2023"]
[White "Semenova, Alina"]
[Black "Zaksaite, Salomeja"]
[WhiteFideId "24113875"]
[BlackFideId "12801496"]
[WhiteElo "2163"]
[BlackElo "2324"]
[Result "1/2-1/2"]
[Round "10"]
[TimeControl "180+1"]
[Date "2023.10.31"]
[WhiteClock "0:00:24"]
[BlackClock "0:00:03"]
[Board "119"]

1. e4 d6 2. d4 Nf6 3. f3 g6 4. Be3 Bg7 5. Qd2 c6 6. Nc3 b5 7. a3 Nbd7 8. g4 Nb6 9. h4 h5 10. g5 Nh7 11. O-O-O a5 12. Kb1 Bd7 13. Nce2 Nc4 14. Qc1 Nxe3 15. Qxe3 b4 16. a4 O-O 17. f4 Qb6 18. Nf3 Bg4 19. Bh3 e5 20. Bxg4 hxg4 21. Nh2 exd4 22. Nxd4 g3 23. Ng4 Rfe8 24. Rhe1 f5 25. Nxf5 Qxe3 26. Nfxe3 Rxe4 27. Ng2 Rae8 28. Rxe4 Rxe4 29. Rd3 Nf8 30. Rxg3 Ne6 31. Rf3 Nc5 32. Re3 Rxe3 33. N2xe3 Nxa4 34. f5 gxf5 35. Nxf5 Bxb2 36. g6 Bg7 37. h5 Nc3+ 38. Kc1 Ne4 39. h6 Bc3 40. h7+ Kh8 41. Ngh6 Ng5 42. Nxd6 Kg7 43. Nhf5+ Kxg6 44. Ne7+ Kxh7 45. Nxc6 a4 46. Kb1 Ne6 47. Nb5 Nc5 48. Nxc3 bxc3 49. Nb4 Kg6 50. Nd5 Ne4 51. Ka2 Kf5 52. Ka3 Ke5 53. Nb4 Kd4 54. Kxa4 Nd2 55. Ka3 Nc4+ 56. Kb3 Ne3 57. Ka4 Nxc2 58. Nxc2+ Kd3 59. Nb4+ Kd2 60. Kb3 c2 61. Nxc2 1/2-1/2


[Site "https://www.chess.com"]

[Event "Titled Tuesday Blitz October 31 Early 2023"]
[White "Guevara Sanchez, Erick Marvin"]
[Black "Pavlidou, Ekaterini"]
[WhiteFideId "6700136"]
[BlackFideId "4213262"]
[WhiteElo "2143"]
[BlackElo "2322"]
[Result "0-1"]
[Round "10"]
[TimeControl "180+1"]
[Date "2023.10.31"]
[WhiteClock "0:00:00"]
[BlackClock "0:00:05"]
[Board "120"]

1. e4 c5 2. Nf3 Nc6 3. d4 cxd4 4. Nxd4 e5 5. Nb5 d6 6. N1c3 a6 7. Na3 Be6 8. Nd5 b5 9. c3 g6 10. Be3 Rb8 11. Nc2 Bg7 12. Ncb4 Nxb4 13. Nxb4 Ne7 14. Nxa6 d5 15. Nxb8 Qxb8 16. f3 O-O 17. Be2 d4 18. Bd2 Rd8 19. cxd4 exd4 20. Bd3 Be5 21. Qe2 Bxh2 22. O-O-O Bxa2 23. Bg5 Bf4+ 24. Bxf4 Qxf4+ 25. Rd2 Rc8+ 26. Kd1 b4 27. Ke1 Qg3+ 28. Kf1 Bb3 29. Bc2 Bc4 30. Bd3 Bb3 31. Bc2 Bc4 32. Bd3 Be6 33. Rc2 Ra8 34. Rc1 g5 35. Qf2 Qe5 36. Rd1 Ng6 37. g3 Bb3 38. Rc1 Be6 39. Kg2 Kg7 40. Rh5 h6 41. f4 Qb8 42. f5 Bd7 43. Qxd4+ Ne5 44. f6+ Kg6 45. Rch1 Ng4 46. Rxh6+ Nxh6 47. e5+ Bf5 48. Rxh6+ Kxh6 49. Bxf5 Qa7 50. Qg4 Qb7+ 51. Kh3 Rh8 0-1


[Site "https://www.chess.com"]

[Event "Titled Tuesday Blitz October 31 Early 2023"]
[White "Antonio, Jorge Carlos"]
[Black "ssgm49"]
[WhiteFideId "113190"]
[WhiteElo "2321"]
[BlackElo "1962"]
[Result "1-0"]
[Round "10"]
[TimeControl "180+1"]
[Date "2023.10.31"]
[WhiteClock "0:00:05"]
[BlackClock "0:00:00"]
[Board "121"]

1. d4 d5 2. Nf3 Nf6 3. Bf4 c5 4. e3 Nc6 5. c3 Qb6 6. Qc1 Bf5 7. dxc5 Qxc5 8. Nbd2 Rc8 9. Be2 g6 10. O-O Bg7 11. h3 Ne4 12. Nxe4 Bxe4 13. Nd2 Bf5 14. Rd1 e5 15. Bg3 O-O 16. Nb3 Qd6 17. Bf3 Be6 18. Bxd5 Bxd5 19. e4 Ne7 20. exd5 Rfd8 21. Qe3 b6 22. Qe4 a5 23. Rd3 f5 24. Qe2 a4 25. Nd4 f4 26. Bh4 exd4 27. Qxe7 Qxe7 28. Bxe7 Re8 29. d6 dxc3 30. d7 cxb2 31. dxe8=Q+ Rxe8 32. Rb1 Rxe7 33. a3 Rc7 34. Rdd1 Rc3 35. Kh2 Rxa3 36. g3 fxg3+ 37. fxg3 Be5 38. Kg2 Rxg3+ 39. Kf2 a3 40. Rd8+ Kf7 41. Ra8 Rxh3 42. Kg2 Rh2+ 43. Kf3 Rh3+ 44. Ke4 Bg7 45. Ra7+ Kf8 46. Rd1 Rh4+ 47. Kf3 Rh3+ 48. Kg4 1-0


[Site "https://www.chess.com"]

[Event "Titled Tuesday Blitz October 31 Early 2023"]
[White "Samarth J Rao"]
[Black "Terletsky, Oleg"]
[WhiteFideId "46652370"]
[BlackFideId "14116774"]
[WhiteElo "2120"]
[BlackElo "2482"]
[Result "1-0"]
[Round "10"]
[TimeControl "180+1"]
[Date "2023.10.31"]
[WhiteClock "0:01:04"]
[BlackClock "0:00:00"]
[Board "122"]

1. e4 e5 2. Nf3 Nc6 3. Bc4 Nf6 4. d3 h6 5. O-O d6 6. c3 g6 7. Re1 Bg7 8. b4 O-O 9. Nbd2 a6 10. a4 d5 11. exd5 Nxd5 12. Qb3 Nb6 13. Ba3 Nxc4 14. Nxc4 Be6 15. b5 Na5 16. Qc2 Bxc4 17. dxc4 Re8 18. Rad1 Qf6 19. c5 Nc4 20. Bc1 axb5 21. axb5 Qf5 22. Qb3 Na5 23. Qb4 e4 24. Nd4 Qg4 25. Be3 f5 26. g3 g5 27. Ra1 b6 28. cxb6 cxb6 29. Nc6 f4 30. Bxb6 Nxc6 31. Qc4+ Kh8 32. Qxc6 Rac8 33. Qd5 f3 34. Kh1 Qh3 35. Rg1 g4 36. Ra7 e3 37. Qf7 Rg8 38. Bxe3 Rc4 39. Bd4 Rxd4 40. cxd4 h5 41. Re7 h4 42. Re8 Rxe8 43. Qxe8+ Kh7 44. Qe4+ Kh8 45. Qe8+ Kh7 46. Qh5+ Kg8 47. d5 hxg3 48. Qe8+ Kh7 49. Qe4+ Kh8 50. fxg3 f2 51. Qe8+ Kh7 52. Qe4+ Kh8 53. Qg2 fxg1=Q+ 54. Qxg1 Be5 55. Qf2 Qh5 56. b6 Qe8 57. b7 Bd6 58. Qb2+ Kh7 59. Qc2+ Kh8 60. Kg2 1-0


[Site "https://www.chess.com"]

[Event "Titled Tuesday Blitz October 31 Early 2023"]
[White "Vifleemskaia, Svetlana"]
[Black "Feliz Dotel, Dewar Bienvenido"]
[WhiteFideId "4129490"]
[BlackFideId "6402801"]
[WhiteElo "2256"]
[BlackElo "2149"]
[Result "1-0"]
[Round "10"]
[TimeControl "180+1"]
[Date "2023.10.31"]
[WhiteClock "0:00:52"]
[BlackClock "0:00:34"]
[Board "123"]

1. d4 Nf6 2. c4 e6 3. Nc3 d5 4. cxd5 Nxd5 5. e4 Nxc3 6. bxc3 c5 7. Rb1 cxd4 8. cxd4 Qa5+ 9. Qd2 Qc7 10. Nf3 Nc6 11. Bb5 Bd7 12. O-O Be7 13. d5 exd5 14. exd5 Nb8 15. Re1 Bxb5 16. d6 Qc5 17. Rxe7+ Kf8 18. Qf4 Qc4 19. Rxb5 Qxf4 20. Bxf4 h5 21. Rbxb7 Rh7 22. Rxf7+ Kg8 23. Ng5 Rh6 24. Rxg7+ Kh8 25. Rge7 Rf6 26. Re8+ 1-0


[Site "https://www.chess.com"]

[Event "Titled Tuesday Blitz October 31 Early 2023"]
[White "Elbebiber"]
[Black "De Souza, Cristiano Gomes"]
[BlackFideId "2151758"]
[WhiteElo "2136"]
[BlackElo "2248"]
[Result "1/2-1/2"]
[Round "10"]
[TimeControl "180+1"]
[Date "2023.10.31"]
[WhiteClock "0:00:14"]
[BlackClock "0:00:30"]
[Board "124"]

1. f4 Nf6 2. Nf3 g6 3. e3 Bg7 4. d4 O-O 5. Bd3 b6 6. O-O Bb7 7. Qe2 d6 8. c3 Nbd7 9. e4 e5 10. Be3 exd4 11. Bxd4 Re8 12. Nbd2 c5 13. Bf2 Qc7 14. Bh4 Nxe4 15. Nxe4 d5 16. Ne5 Nxe5 17. fxe5 dxe4 18. Bc4 Rf8 19. Bf6 a6 20. a4 h5 21. Qe3 Kh7 22. Bxg7 Kxg7 23. Qf4 Qe7 24. Qf6+ Qxf6 25. exf6+ Kh6 26. Rad1 Bc8 27. Rd6 Rb8 28. Bd5 Bf5 29. Re1 Kg5 30. Bxe4 Rfd8 31. Rxd8 Rxd8 32. Bxf5 gxf5 33. Kf2 Kxf6 34. Re2 b5 35. axb5 axb5 36. g3 Rd6 37. Kf3 Re6 38. Rd2 Ke5 39. Re2+ Kd6 40. Rd2+ Ke5 41. Re2+ Kf6 42. Rd2 Ke7 43. Rd5 b4 44. Rxc5 bxc3 45. bxc3 Kf6 46. c4 Rd6 47. Rd5 Rc6 48. c5 Ke6 49. Rd6+ Rxd6 50. cxd6 Kxd6 51. Kf4 Ke6 52. Kg5 Ke5 53. Kxh5 f4 54. gxf4+ Kxf4 55. h4 f5 56. Kg6 Kg4 57. h5 f4 58. h6 f3 59. h7 f2 60. h8=Q f1=Q 61. Qh5+ Kg3 62. Qg5+ Kh2 63. Qh5+ Kg1 64. Qg5+ Kh1 65. Qh5+ Kg1 66. Qg5+ Kh1 67. Qh5+ Kg1 1/2-1/2


[Site "https://www.chess.com"]

[Event "Titled Tuesday Blitz October 31 Early 2023"]
[White "ivana_999"]
[Black "Tarnowska, Aleksandra"]
[BlackFideId "1180967"]
[WhiteElo "2049"]
[BlackElo "2158"]
[Result "0-1"]
[Round "10"]
[TimeControl "180+1"]
[Date "2023.10.31"]
[WhiteClock "0:00:04"]
[BlackClock "0:00:34"]
[Board "125"]

1. d4 d5 2. c4 e6 3. Nc3 Nf6 4. Bg5 Be7 5. Nf3 h6 6. Bh4 O-O 7. e3 b6 8. Qc2 Bb7 9. cxd5 exd5 10. Bd3 Nbd7 11. O-O Rc8 12. Bf5 c5 13. Ne5 cxd4 14. exd4 Rc7 15. Nxd7 Nxd7 16. Bxe7 Qxe7 17. Rfe1 Qg5 18. Bxd7 Rxd7 19. Re3 Rc8 20. Rae1 Rdd8 21. Qd3 Bc6 22. Rg3 Qh5 23. Rh3 Qg5 24. Rg3 Qh5 25. Re5 Qh4 26. h3 Re8 27. Rg4 Qf6 28. Rf5 Qd6 29. g3 Re1+ 30. Kg2 Bd7 31. Rxd5 Bc6 32. Qf5 Bxd5+ 33. Nxd5 Re6 34. Nf6+ Kf8 35. Nh7+ Kg8 36. Nf6+ Rxf6 37. Qxc8+ Kh7 38. Qc3 Qd5+ 39. Kh2 Rxf2+ 40. Kg1 Qg2# 0-1


[Site "https://www.chess.com"]

[Event "Titled Tuesday Blitz October 31 Early 2023"]
[White "Seletsky, Grigory"]
[Black "campochess"]
[WhiteFideId "14112191"]
[WhiteElo "2461"]
[BlackElo "2185"]
[Result "1-0"]
[Round "10"]
[TimeControl "180+1"]
[Date "2023.10.31"]
[WhiteClock "0:00:39"]
[BlackClock "0:00:17"]
[Board "126"]

1. b3 e5 2. Bb2 Nc6 3. e3 Nf6 4. Bb5 Bd6 5. Ne2 O-O 6. Ng3 Re8 7. Be2 Bf8 8. c4 d6 9. d3 g6 10. O-O Bg7 11. a3 a5 12. Qc2 Bg4 13. Ne4 Bxe2 14. Nxf6+ Qxf6 15. Qxe2 Qh4 16. Nc3 Ne7 17. Nd5 Nxd5 18. cxd5 Rac8 19. Rac1 f5 20. Rc4 Qe7 21. Rfc1 Rf8 22. Qc2 Rf7 23. Qc3 f4 24. Qxa5 fxe3 25. fxe3 Qg5 26. Qd2 Rcf8 27. Re1 b5 28. Rcc1 Bh6 29. Re2 Qf5 30. h3 g5 31. e4 Qg6 32. g4 Rf3 33. Kg2 Qf6 34. Rc2 Rxh3 35. Kxh3 Qf1+ 36. Kh2 Rf3 37. Rg2 Rf7 38. Rc1 Qf3 39. Kg1 Rf4 40. Qe2 Qh3 41. Rf1 Bg7 42. Bc1 Rxf1+ 43. Qxf1 h6 44. a4 bxa4 45. bxa4 1-0


[Site "https://www.chess.com"]

[Event "Titled Tuesday Blitz October 31 Early 2023"]
[White "KorolDimitriy75"]
[Black "Floresvillar Gonzalez, Luis Migu"]
[BlackFideId "5100542"]
[WhiteElo "2365"]
[BlackElo "2184"]
[Result "0-1"]
[Round "10"]
[TimeControl "180+1"]
[Date "2023.10.31"]
[WhiteClock "0:00:00"]
[BlackClock "0:00:15"]
[Board "127"]

1. d4 d5 2. c4 c6 3. Nc3 Nf6 4. e3 e6 5. Nf3 Bd6 6. Bd3 dxc4 7. Bxc4 b5 8. Bb3 a6 9. O-O Nbd7 10. e4 b4 11. e5 bxc3 12. bxc3 Be7 13. exf6 Nxf6 14. Ne5 Bb7 15. Qf3 Rc8 16. Rb1 Qc7 17. Bf4 Nd5 18. Bg3 Bd6 19. c4 Nf6 20. c5 Bxe5 21. Bxe5 Qe7 22. Rfe1 O-O 23. Bd6 Qd7 24. Bxf8 Kxf8 25. Rbd1 Rd8 26. h3 a5 27. Bc4 Qc8 28. Qe2 Nd5 29. Rc1 Nb4 30. a3 Nd5 31. Qg4 Nf6 32. Qf4 Ba6 33. Bxa6 Qxa6 34. Red1 Qc8 35. Qe5 Rd5 36. Qe3 Qd8 37. f4 h5 38. g3 Rd7 39. Kh2 Rd5 40. Rd2 Qc7 41. Rcd1 h4 42. g4 g5 43. Kg2 gxf4 44. Qe4 Nxe4 45. Rd3 Ng5 46. R1d2 f3+ 47. Kf2 Qh2+ 48. Ke3 Qxh3 49. Kf4 Qg3+ 50. Ke3 f2+ 51. Ke2 Qg2 52. Ke3 f1=Q 53. Rxg2 Qxg2 0-1


[Site "https://www.chess.com"]

[Event "Titled Tuesday Blitz October 31 Early 2023"]
[White "Mr_November18"]
[Black "Van Essen, Mark"]
[BlackFideId "1012819"]
[WhiteElo "2135"]
[BlackElo "2283"]
[Result "0-1"]
[Round "10"]
[TimeControl "180+1"]
[Date "2023.10.31"]
[WhiteClock "0:00:27"]
[BlackClock "0:01:05"]
[Board "128"]

1. e4 d6 2. d4 Nf6 3. Nc3 Nbd7 4. f4 e5 5. Nf3 exd4 6. Nxd4 g6 7. Be3 Bg7 8. Be2 O-O 9. O-O Re8 10. Bf3 Nc5 11. e5 dxe5 12. Ndb5 Nfd7 13. fxe5 Bxe5 14. Qd2 c6 15. Nd4 Qc7 16. Rad1 Bxh2+ 17. Kh1 Be5 18. b4 Ne6 19. Nxe6 Rxe6 20. Bg4 Rd6 21. Qe1 Rxd1 22. Nxd1 Bg7 23. Bf4 Qd8 24. Qd2 Qh4+ 25. Bh3 Nf8 26. Bg5 Qh5 27. Qd8 Bxh3 28. Qxa8 Bg4+ 29. Kg1 Qxg5 30. Nf2 Bd4 31. Qxb7 Bf3 32. Qxf7+ Kxf7 0-1


[Site "https://www.chess.com"]

[Event "Titled Tuesday Blitz October 31 Early 2023"]
[White "Ng, Gary"]
[Black "Fernandez Hernandez, Gerardo"]
[WhiteFideId "2604914"]
[BlackFideId "2207400"]
[WhiteElo "2261"]
[BlackElo "2159"]
[Result "1-0"]
[Round "10"]
[TimeControl "180+1"]
[Date "2023.10.31"]
[WhiteClock "0:00:32"]
[BlackClock "0:00:00"]
[Board "129"]

1. Nf3 Nf6 2. c4 g6 3. b3 Bg7 4. Bb2 O-O 5. h4 h5 6. Nc3 c6 7. g3 d5 8. cxd5 cxd5 9. d4 Nc6 10. Bg2 Bf5 11. O-O Ne4 12. Rc1 Rc8 13. e3 Qd7 14. Nxe4 Bxe4 15. Qd2 Qf5 16. Ne1 Bxg2 17. Nxg2 e5 18. dxe5 Nxe5 19. Bxe5 Qxe5 20. Nf4 d4 21. exd4 Qxd4 22. Qxd4 Bxd4 23. Rfd1 Be5 24. Nd3 Bd4 25. Nf4 Be5 26. Nd5 Kg7 27. Kg2 Rfd8 28. Rxc8 Rxc8 29. Rd2 Rd8 30. f4 Bc3 31. Rd3 Ba5 32. Kf3 Kf8 33. Ke4 Kg7 34. b4 Re8+ 35. Kf3 Bd8 36. Re3 Rxe3+ 37. Kxe3 Kf8 38. Kd4 Ke8 39. Ke5 Kd7 40. Nf6+ Kc6 41. Ne4 Kb5 42. a3 Ka4 43. Nd6 Bc7 44. Kd5 Bxd6 45. Kxd6 Kxa3 46. b5 Ka4 47. Ke7 Kxb5 48. Kxf7 a5 49. Kxg6 a4 50. f5 a3 51. f6 a2 52. f7 a1=Q 53. f8=Q Qb1+ 54. Kxh5 Qd1+ 55. g4 Ka6 56. Qa3+ 1-0


[Site "https://www.chess.com"]